[ AOE2 MATCH · #464595007 ]
UnrankedGoths vs Armenians
Player's team · WIN
Rival team · LOSS
[ REPLAY ANALYSIS · EXTRACTED FROM THE RECORDED GAME ]
Feudal
12:27
Castle
17:12
Imperial
34:02
| APM avg | 19.2 |
| APM peak | 49 |
| eAPM avg | 14.7 |
| Villagers / military | 159 / 293 |
Focus
⚔️ 27.7% · 🌾 72.3%
Militia ×150 · Huskarl ×113 · Archer ×21 · Trebuchet (Packed) ×8 · Monk ×1
Feudal
9:34
Castle
19:08
Imperial
42:36
| APM avg | 18.9 |
| APM peak | 57 |
| eAPM avg | 13.8 |
| Villagers / military | 128 / 278 |
Focus
⚔️ 29.4% · 🌾 70.6%
Militia ×196 · Scorpion ×33 · Warrior Priest ×22 · Monk ×18 · Battering Ram ×9
Match map
Initial resources + every placement click. Lines = walls · curves = elevation contours. ◆ gold · ⬟ stone · ● berries · ✦ relic · ◌ wall gap
Your base· ✓ Closed at 17:12 · 0t walls · 2 gate(s)
blegenator's base· ✓ Closed at 19:08 · 0t walls · 2 gate(s)
Smoothed initial terrain · ◌ = detected wall gap · hover for details
Inputs per minute
— SpanishKiller007 - - blegenator
Build order — SpanishKiller007
First 150 of 415 actions detected
| 0:01 | Create | Villager (Male) |
| 0:03 | Build | House |
| 0:04 | Build | House |
| 0:15 | Create | Villager (Male) |
| 0:16 | Create | Villager (Male) |
| 0:16 | Create | Villager (Male) |
| 0:16 | Create | Villager (Male) |
| 1:41 | Create | Villager (Male) |
| 2:00 | Create | Villager (Male) |
| 2:00 | Create | Villager (Male) |
| 2:15 | Create | Villager (Male) |
| 3:04 | Create | Villager (Male) |
| 3:04 | Create | Villager (Male) |
| 3:05 | Create | Villager (Male) |
| 4:00 | Create | Villager (Male) |
| 4:00 | Create | Villager (Male) |
| 4:01 | Create | Villager (Male) |
| 4:04 | Build | House |
| 4:08 | Build | Mill |
| 4:23 | Create | Villager (Male) |
| 4:23 | Create | Villager (Male) |
| 5:06 | Create | Villager (Male) |
| 5:07 | Create | Villager (Male) |
| 5:07 | Create | Villager (Male) |
| 5:31 | Create | Villager (Male) |
| 5:31 | Create | Villager (Male) |
| 5:32 | Create | Villager (Male) |
| 6:06 | Build | House |
| 6:10 | Build | Lumber Camp |
| 6:15 | Create | Villager (Male) |
| 6:15 | Create | Villager (Male) |
| 6:15 | Create | Villager (Male) |
| 6:44 | Create | Villager (Male) |
| 6:44 | Create | Villager (Male) |
| 6:45 | Create | Villager (Male) |
| 7:20 | Create | Villager (Male) |
| 7:21 | Create | Villager (Male) |
| 7:56 | Create | Villager (Male) |
| 7:56 | Create | Villager (Male) |
| 8:10 | Build | House |
| 8:48 | Research | Loom |
| 9:19 | Build | Mining Camp |
| 9:34 | Research | Feudal Age |
| 10:02 | Build | Mining Camp |
| 11:27 | Build | Mill |
| 11:56 | Build | House |
| 12:25 | Create | Villager (Male) |
| 12:26 | Create | Villager (Male) |
| 12:27 | Age | Feudal Age |
| 12:32 | Research | Double-Bit Axe |
| 12:46 | Build | Mill |
| 13:03 | Create | Villager (Male) |
| 13:15 | Build | Market |
| 13:16 | Build | Blacksmith |
| 13:20 | Create | Villager (Male) |
| 13:50 | Create | Villager (Male) |
| 14:24 | Research | Castle Age |
| 15:24 | Research | Horse Collar |
| 15:38 | Build | Farm |
| 15:39 | Build | Farm |
| 15:39 | Build | Farm |
| 15:40 | Build | Farm |
| 15:40 | Build | Farm |
| 15:41 | Build | Farm |
| 15:42 | Build | Farm |
| 15:46 | Research | Wheelbarrow |
| 16:05 | Build | House |
| 17:12 | Age | Castle Age |
| 17:14 | Create | Villager (Male) |
| 17:14 | Create | Villager (Male) |
| 17:20 | Build | Town Center |
| 17:32 | Build | Town Center |
| 17:52 | Research | Bow Saw |
| 18:11 | Build | Monastery |
| 18:32 | Build | House |
| 18:33 | Build | House |
| 18:34 | Build | House |
| 18:50 | Create | Villager (Male) |
| 18:51 | Create | Villager (Male) |
| 18:51 | Create | Villager (Male) |
| 18:52 | Create | Villager (Male) |
| 18:53 | Create | Villager (Male) |
| 19:08 | Create | Monk |
| 19:27 | Create | Villager (Male) |
| 19:27 | Create | Villager (Male) |
| 19:27 | Create | Villager (Male) |
| 19:49 | Build | Lumber Camp |
| 19:52 | Create | Villager (Male) |
| 19:52 | Create | Villager (Male) |
| 19:52 | Create | Villager (Male) |
| 19:52 | Create | Villager (Male) |
| 19:53 | Create | Villager (Male) |
| 19:53 | Create | Villager (Male) |
| 20:01 | Build | Farm |
| 20:01 | Build | Farm |
| 20:02 | Build | Farm |
| 20:02 | Build | Farm |
| 20:12 | Build | Farm |
| 20:12 | Build | Farm |
| 20:13 | Build | Farm |
| 20:20 | Create | Villager (Male) |
| 20:20 | Create | Villager (Male) |
| 20:21 | Create | Villager (Male) |
| 20:21 | Create | Villager (Male) |
| 20:25 | Build | House |
| 20:41 | Build | Farm |
| 20:41 | Build | Farm |
| 20:42 | Build | Farm |
| 20:44 | Create | Villager (Male) |
| 20:57 | Build | House |
| 20:58 | Build | House |
| 21:00 | Build | House |
| 21:02 | Create | Villager (Male) |
| 21:02 | Create | Villager (Male) |
| 21:02 | Create | Villager (Male) |
| 21:11 | Build | Farm |
| 21:11 | Build | Farm |
| 21:12 | Build | Farm |
| 21:13 | Build | Farm |
| 21:18 | Build | Farm |
| 21:23 | Build | Farm |
| 21:28 | Create | Villager (Male) |
| 21:28 | Create | Villager (Male) |
| 21:28 | Create | Villager (Male) |
| 21:36 | Create | Villager (Male) |
| 21:37 | Create | Villager (Male) |
| 21:42 | Build | Farm |
| 21:43 | Build | Farm |
| 21:44 | Build | Farm |
| 21:44 | Build | Farm |
| 21:47 | Create | Villager (Male) |
| 21:47 | Create | Villager (Male) |
| 21:48 | Create | Villager (Male) |
| 21:49 | Create | Villager (Male) |
| 21:49 | Create | Villager (Male) |
| 22:03 | Create | Villager (Male) |
| 22:03 | Create | Villager (Male) |
| 22:04 | Create | Villager (Male) |
| 22:04 | Create | Villager (Male) |
| 22:09 | Build | House |
| 22:11 | Build | House |
| 22:27 | Research | Stone Mining |
| 22:30 | Create | Villager (Male) |
| 22:30 | Create | Villager (Male) |
| 22:45 | Build | Town Center |
| 22:50 | Create | Villager (Male) |
| 22:50 | Create | Villager (Male) |
| 22:50 | Create | Villager (Male) |
| 22:51 | Create | Villager (Male) |
| 22:51 | Create | Villager (Male) |
Build order — blegenator
First 150 of 373 actions detected
| 0:00 | Create | Villager (Male) |
| 0:02 | Build | House |
| 0:04 | Build | House |
| 0:04 | Create | Villager (Male) |
| 0:05 | Create | Villager (Male) |
| 0:05 | Create | Villager (Male) |
| 1:27 | Create | Villager (Male) |
| 2:17 | Create | Villager (Male) |
| 2:36 | Create | Villager (Male) |
| 3:02 | Create | Villager (Male) |
| 3:11 | Build | House |
| 3:31 | Create | Villager (Male) |
| 3:53 | Build | Mule Cart |
| 4:00 | Create | Villager (Male) |
| 4:13 | Create | Villager (Male) |
| 4:37 | Create | Villager (Male) |
| 5:11 | Create | Villager (Male) |
| 5:11 | Create | Villager (Male) |
| 6:07 | Research | Loom |
| 6:30 | Create | Villager (Male) |
| 6:36 | Build | Mill |
| 6:59 | Create | Villager (Male) |
| 7:10 | Research | Feudal Age |
| 8:02 | Build | House |
| 8:06 | Create | Villager (Male) |
| 8:06 | Create | Villager (Male) |
| 8:51 | Build | Mule Cart |
| 8:53 | Create | Villager (Male) |
| 9:34 | Age | Feudal Age |
| 9:41 | Research | Double-Bit Axe |
| 9:47 | Research | Gold Mining |
| 9:54 | Research | Horse Collar |
| 10:29 | Build | Farm |
| 10:32 | Build | Farm |
| 10:55 | Create | Villager (Male) |
| 11:06 | Create | Villager (Male) |
| 11:10 | Build | House |
| 11:25 | Create | Villager (Male) |
| 11:29 | Build | Farm |
| 11:34 | Build | Farm |
| 11:38 | Build | Farm |
| 11:51 | Build | Farm |
| 11:53 | Create | Villager (Male) |
| 12:04 | Build | Farm |
| 12:09 | Create | Villager (Male) |
| 12:13 | Build | House |
| 12:32 | Research | Wheelbarrow |
| 12:41 | Build | Farm |
| 13:04 | Create | Villager (Male) |
| 13:08 | Build | Farm |
| 13:29 | Build | Farm |
| 13:35 | Build | Farm |
| 13:41 | Build | Farm |
| 14:08 | Create | Villager (Male) |
| 14:27 | Build | Blacksmith |
| 14:48 | Create | Villager (Male) |
| 15:08 | Create | Villager (Male) |
| 15:12 | Build | House |
| 15:35 | Create | Villager (Male) |
| 15:42 | Build | Market |
| 15:59 | Create | Villager (Male) |
| 16:12 | Research | Castle Age |
| 16:34 | Research | Forging |
| 16:41 | Build | Barracks |
| 16:48 | Research | Scale Mail Armor |
| 17:05 | Build | Mule Cart |
| 17:28 | Create | Villager (Male) |
| 17:28 | Create | Villager (Male) |
| 17:35 | Research | Man-at-Arms (upgrade) |
| 17:48 | Build | Barracks |
| 17:56 | Build | Farm |
| 18:01 | Build | House |
| 18:16 | Create | Militia |
| 18:19 | Research | Long Swordsman (upgrade) |
| 18:23 | Create | Villager (Male) |
| 18:34 | Build | House |
| 18:37 | Build | House |
| 18:46 | Build | House |
| 18:50 | Build | Farm |
| 19:00 | Create | Militia |
| 19:08 | Age | Castle Age |
| 19:09 | Create | Militia ×5 |
| 19:12 | Create | Villager (Male) |
| 19:34 | Build | Mule Cart |
| 19:48 | Research | Heavy Plow |
| 20:12 | Research | Two-Handed Swordsman (upgrade) |
| 20:15 | Create | Villager (Male) |
| 20:36 | Create | Villager (Male) |
| 20:45 | Research | Bow Saw |
| 20:48 | Create | Villager (Male) |
| 21:03 | Build | Monastery |
| 21:11 | Research | Arson |
| 21:15 | Create | Militia |
| 21:22 | Create | Villager (Male) |
| 21:30 | Build | House |
| 21:32 | Build | House |
| 21:39 | Create | Warrior Priest |
| 21:40 | Create | Warrior Priest |
| 21:40 | Create | Warrior Priest |
| 21:45 | Create | Monk |
| 21:45 | Create | Monk |
| 21:48 | Research | Fervor |
| 21:49 | Research | Sanctity |
| 21:59 | Create | Villager (Male) |
| 22:12 | Build | Monastery |
| 22:15 | Create | Villager (Male) |
| 22:24 | Create | Militia ×2 |
| 22:28 | Create | Villager (Male) |
| 22:38 | Build | House |
| 22:40 | Build | House |
| 22:41 | Build | House |
| 22:51 | Create | Monk |
| 22:52 | Create | Monk |
| 23:01 | Research | Squires |
| 23:05 | Create | Militia ×2 |
| 23:18 | Build | Farm |
| 23:19 | Build | Farm |
| 23:20 | Build | Farm |
| 23:25 | Create | Villager (Male) |
| 23:48 | Create | Villager (Male) |
| 23:52 | Create | Villager (Male) |
| 24:03 | Build | Farm |
| 24:07 | Create | Villager (Male) |
| 24:28 | Create | Villager (Male) |
| 24:37 | Build | Town Center |
| 24:48 | Research | Iron Casting |
| 24:51 | Create | Villager (Male) |
| 25:03 | Build | Siege Workshop |
| 25:13 | Create | Villager (Male) |
| 25:22 | Build | Farm |
| 25:23 | Build | Farm |
| 25:23 | Build | Farm |
| 25:24 | Build | Farm |
| 25:39 | Research | Chain Mail Armor |
| 26:14 | Create | Warrior Priest ×5 |
| 26:15 | Create | Monk ×5 |
| 26:21 | Create | Villager (Male) |
| 26:30 | Build | Mule Cart |
| 26:45 | Create | Battering Ram |
| 26:45 | Create | Battering Ram |
| 26:45 | Create | Battering Ram |
| 26:56 | Create | Villager (Male) |
| 26:57 | Create | Villager (Male) |
| 26:58 | Create | Villager (Male) |
| 26:58 | Create | Villager (Male) |
| 27:02 | Build | Farm |
| 27:03 | Build | Farm |
| 27:03 | Build | Farm |
| 27:08 | Create | Battering Ram |
| 27:15 | Create | Villager (Male) |
Match timeline
| 9:34 | blegenator · age_up feudal |
| 12:27 | SpanishKiller007 · age_up feudal |
| 16:41 | blegenator · first_building Barracks |
| 17:12 | SpanishKiller007 · age_up castle |
| 18:11 | SpanishKiller007 · first_building Monastery |
| 19:08 | blegenator · age_up castle |
| 21:03 | blegenator · first_building Monastery |
| 25:03 | blegenator · first_building Siege Workshop |
| 25:27 | SpanishKiller007 · first_building Castle |
| 25:48 | SpanishKiller007 · wall_segment Palisade Wall x7 |
| 27:14 | SpanishKiller007 · first_building Barracks |
| 30:46 | SpanishKiller007 · first_market_sell 500 wood |
| 30:49 | SpanishKiller007 · first_market_buy 500 food |
| 33:39 | SpanishKiller007 · first_building Archery Range |
| 33:55 | blegenator · first_building Castle |
| 34:02 | SpanishKiller007 · age_up imperial |
| 42:36 | blegenator · age_up imperial |
| 46:45 | blegenator · resign |
[ AI ANALYSIS · 1 CREDIT ]
What really happened in this match?
Wolo.gg analyzes every decision: build order, eco, micro, common mistakes by bracket. Personalized analysis on WhatsApp or Discord in 30 seconds.
Civ guide
Goths
Perfil
Jugador #23845039